 Dungeon Crawl Stone Soup version 0.21.1-1-g345015f (webtiles) character file.

800 Inchmeat the Geomancer (level 7, -7/55 HPs)
             Began as a Deep Dwarf Earth Elementalist on July 19, 2018.
             Was an Initiate of Makhleb.
             Mangled by an ogre
             ... wielding a +0 giant club
              (17 damage)
             ... on level 5 of the Dungeon.
             The game lasted 00:07:52 (5146 turns).

Inchmeat the Geomancer (DDEE)                       Turns: 5146, Time: 00:07:52

Health: -7/55      AC:  6    Str: 12    XL:     7   Next: 59%
Magic:  6/8        EV: 11    Int: 17    God:    Makhleb [......]
Gold:   214        SH:  0    Dex: 13    Spells: 5/9 levels left

rFire    . . .     SeeInvis .   j - +0 trident
rCold    . . .     Gourm    .   (no shield)
rNeg     + . .     Faith    .   a - +1 ring mail
rPois    .         Spirit   .   (no helmet)
rElec    .         Reflect  .   (no cloak)
rCorr    .         Harm     .   (no gloves)
MR       +....                  (no boots)
Stlth    +.........             (no amulet)
HPRegen  0.00/turn              i - ring of positive energy
MPRegen  0.11/turn              (no ring)

@: non-regenerating
A: damage resistance, heal wounds, sense surroundings 1, no regeneration
a: Heal Wounds, Renounce Religion


You were on level 5 of the Dungeon.
You worshipped Makhleb.
Makhleb was noncommittal.
You were not hungry.

You visited 2 branches of the dungeon, and saw 6 of its levels.

You collected 214 gold pieces.

Inventory:

Hand Weapons
 h - a +0 short sword
 j - a +0 trident (weapon)
 r - a cursed -3 war axe
Missiles
 t - 9 stones (quivered)
Armour
 a - a +1 ring mail (worn)
 c - a +0 robe
 g - a +2 buckler
Jewellery
 i - a ring of positive energy (left hand)
Wands
 n - a wand of flame (1)
Scrolls
 b - a scroll of enchant armour
 f - 8 scrolls of identify {@r1}
 l - a scroll of blinking {unknown}
 p - 2 scrolls of remove curse {unknown}
 s - a scroll of fog {unknown}
 u - 2 scrolls of amnesia {unknown}
Potions
 m - a potion of magic {unknown}
 o - 3 potions of curing {@q1}
 q - a potion of heal wounds {unknown}
 v - a potion of might
 x - a potion of flight
Books
 e - a book of Geomancy

   Spells                             Type                      Level
   a - Sandblast                      Earth                        1
   b - Passwall                       Transmutation/Earth          2
   c - Stone Arrow                    Conjuration/Earth            3
   d - Petrify                        Transmutation/Earth          4
   e - Lee's Rapid Deconstruction     Earth                        5
Comestibles
 d - 11 rations


   Skills:
 - Level 2.1 Dodging
 - Level 2.4 Stealth
 - Level 1.7 Spellcasting
 + Level 3.5 Conjurations
   Level 0.8 Transmutations
 + Level 10.4 Earth Magic


You had 5 spell levels left.
You knew the following spells:

 Your Spells              Type           Power        Failure   Level  Hunger
a - Sandblast             Erth           #####.       1%          1    #......
b - Stone Arrow           Conj/Erth      ####..       8%          3    ###....


Dungeon Overview and Level Annotations

Branches:
Dungeon (5/15)             Temple (1/1) D:5

Altars:
Ashenzari
Cheibriados
Elyvilon
Fedhas
Gozag
Hepliaklqana
Kikubaaqudgha
Makhleb
Nemelex Xobeh
Okawaru
Ru
Uskayaw
Vehumet
The Shining One


Innate Abilities, Weirdness & Mutations

You are resistant to damage.
You can heal yourself by infusing magical energy.
You passively map a small area around you.
You do not regenerate.


Message History

Aimin': Sandblast
Press: ? - help, Shift-Dir - straight line, f - ogre
Aim: an ogre, wieldin' a giant club Tha blast o' sand hits tha ogre.
Tha ogre be heavily wounded.
t - 10 stones Tha centaur shoots an arrow.
Tha arrow hits ye.
* * * LOW HITPOINT WARNIN'
* * * A worker ant comes inta view.
Castin': Sandblast Confirm wit' . or Enter, or press ? or * ta list all spells.
Aimin': Sandblast
Press: ? - help, Shift-Dir - straight line, f/p - ogre
Aim: an ogre, wieldin' a giant club (heavily wounded) Tha blast o' sand hits tha ogre.
Tha ogre be almost dead.
t - 9 stones Tha worker ant twitches its antennae in yer direction.
Tha ogre hits ye wit' a giant club!!
Ye die...

*,****,,*,,****,* ***,* *
*,* #.......,,,* *,,,* ***
*,***#.....$***,***,*****,,
*,,,,,>...c.,,,*,**,,,,,,,*
*,,***,....,*,***,,,,,,,,,*
*,,*###,...,*,,*,**,*****,*
*,,,,.a.#.#**.#.#**,* *,,
**,***#.#O###...##*,* ***
*,* #..(@.......,,* *,*
####.###.####*,*
*,*##........#####,*
*,##...#.###......,* *****
*............#######**,,,,
*###...#............,,,***
*****#...#.###.######*****
*,,,.......###.###
*,*###...###.....######***


You could see an ogre.

Vanquished Creatures
  Sigmund (D:2)
  A phantom (D:4)
  A centaur (D:5)
  A crocodile (D:4)
  2 hounds (D:4)
  A bullfrog skeleton (D:4)
  A centaur skeleton (D:4)
  An iguana (D:5)
  Natasha (thrice) (D:2)
  2 worker ants
  Ijyb (D:4)
  A killer bee zombie (D:5)
  A worker ant zombie (D:3)
  An adder (D:2)
  A worm (D:2)
  2 leopard geckos
  6 orcs (D:3)
  A giant cockroach (D:3)
  9 goblins
  7 hobgoblins
  5 jackals
  A quokka (D:2)
  A bat (D:2)
  5 frilled lizards
  3 kobolds
  24 rats
83 creatures vanquished.

Notes
Turn   | Place    | Note
-------+----------+-------------------------------------------
     0 | D:1      | Inchmeat the Deep Dwarf Earth Elementalist began the quest for the Orb.
     0 | D:1      | Reached XP level 1. HP: 15/15 MP: 3/3
   364 | D:1      | Reached XP level 2. HP: 22/22 MP: 1/4
   442 | D:1      | Reached skill level 5 in Earth Magic
   712 | D:2      | Noticed Natasha
   716 | D:2      | Killed Natasha
   716 | D:2      | Reached XP level 3. HP: 24/28 MP: 0/5
   977 | D:2      | Reached skill level 6 in Earth Magic
  1017 | D:2      | Noticed Natasha
  1022 | D:2      | Killed Natasha
  1022 | D:2      | Reached XP level 4. HP: 28/36 MP: 2/6
  1037 | D:2      | Noticed Natasha
  1081 | D:2      | Killed Natasha
  1081 | D:2      | Reached skill level 7 in Earth Magic
  1366 | D:2      | Noticed Sigmund
  1410 | D:2      | Killed Sigmund
  1410 | D:2      | Reached skill level 8 in Earth Magic
  1410 | D:2      | Reached XP level 5. HP: 6/42 MP: 3/7
  2069 | D:2      | Reached XP level 6. HP: 42/49 MP: 0/8
  2293 | D:2      | Reached skill level 9 in Earth Magic
  2949 | D:2      | Learned a level 3 spell: Stone Arrow
  3442 | D:3      | Found a snail-covered altar of Cheibriados.
  3627 | D:4      | Reached skill level 1 in Conjurations
  4045 | D:4      | Noticed Ijyb
  4057 | D:4      | HP: 2/49 [Ijyb/wand of flame (4) (5)]
  4064 | D:4      | Killed Ijyb
  4064 | D:4      | Reached XP level 7. HP: 2/55 MP: 8/8
  4313 | D:4      | Reached skill level 10 in Earth Magic
  5003 | D:5      | Entered Level 5 of the Dungeon
  5067 | D:5      | Found a staircase to the Ecumenical Temple.
  5078 | Temple   | Entered the Ecumenical Temple
  5101 | Temple   | Became a worshipper of Makhleb the Destroyer
  5146 | D:5      | Mangled by an ogre

Skill      XL: |  1  2  3  4  5  6  7 |
---------------+----------------------+-----
Earth Magic    | 5 6 8 9 10 | 10.4
Conjurations   | 2 3 |  3.5
Dodging        | |  2.1
Stealth        | |  2.4
Spellcasting   | |  1.7
Transmutations | |  0.8

Action                   |  1- 3 |  4- 6 |  7- 9 || total
-------------------------+-------+-------+-------++-------
Melee: Unarmed           |     4 |       |       ||     4
       Trident           |       |    93 |     2 ||    95
       Dagger            |       |     8 |       ||     8
 Cast: Sandblast         |    22 |    64 |    19 ||   105
       Stone Arrow       |       |     1 |       ||     1
 Abil: Heal Wounds       |       |     2 |     2 ||     4
  Use: Potion            |       |     6 |       ||     6
       Scroll            |       |     2 |     3 ||     5
 Stab: Sleeping          |       |     1 |       ||     1
  Eat: Chunk             |       |    11 |     4 ||    15
Armor: Ring mail         |     3 |    52 |     5 ||    60
Dodge: Dodged            |     4 |    69 |    11 ||    84
